 Crawl Stoat Soup version 0.23-s1-126-gd481b46879 (console) character file.

138 hilarita the Vexing (level 5, -3/25 HPs)
             Began as a Spriggan Arcane Marksman on July 16, 2021.
             Slain by a white imp (4 damage)
             ... summoned by Eustachio
             ... on level 4 of the Dungeon.
             The game lasted 00:11:22 (3909 turns).

hilarita the Vexing (Spriggan Arcane Marksman)      Turns: 3909, Time: 00:11:23

Health: -3/25      AC:  3    Str:  7      XL:     5   Next: 1%
Magic:  10/10      EV: 23    Int: 15      God:
Gold:   137        SH:  3    Dex: 20 (21) Spells: 1/9 levels left

rFire    . . .     SeeInvis +   b - +0 dagger
rCold    . . .     Gourm    .   (shield restricted)
rNeg     . . .     Faith    .   e - +1 robe
rPois    .         Spirit   .   (helmet restricted)
rElec    .         Warding  .   (no cloak)
rCorr    .         Reflect  +   (gloves unavailable)
MR       .....     Harm     .   (boots unavailable)
Stlth    ++++......             p - +3 amulet of reflection
HPRegen  0.08/turn              (no ring)
MPRegen  0.12/turn              (no ring)

@: agile, very quick
A: very small, unfitting armour, see invisible, herbivore, speed 3, slow
metabolism 2
a: no special abilities


You were on level 4 of the Dungeon.
You were not hungry.

You visited 1 branch of the dungeon, and saw 4 of its levels.

You collected 137 gold pieces.

Inventory:

Hand Weapons
 a - a +1 shortbow
 b - a +0 dagger (weapon)
Missiles
 i - 68 bolts
Armour
 e - a +1 robe (worn)
Jewellery
 p - a +3 amulet of reflection (around neck)
Scrolls
 c - a scroll of identify
 h - 5 scrolls of remove curse
 l - a scroll of teleportation
 n - a scroll of magic mapping
Potions
 j - 2 potions of curing
 k - a potion of agility
 m - a potion of might
 o - a potion of cancellation {unknown}
 q - a potion of mutation {unknown}
Comestibles
 f - 3 bread rations
 g - 3 fruits


   Skills:
 - Level 0.7 Fighting
 * Level 4.3 Bows
 - Level 3.0 Dodging
 + Level 2.9 Stealth
 + Level 2.7 Spellcasting
 + Level 4.3 Hexes
 + Level 1.4 Translocations


You had one spell level left.
You knew the following spells:

 Your Spells              Type           Power        Failure   Level  Hunger
a - Corona                Hex            15/90        3%          1    #......
b - Portal Projectile     Hex/Tloc       10/50        19%         3    ###....
c - Cause Fear            Hex            15/200       34%         4    #####..

Your spell library contained the following spells:

 Spells                   Type           Power        Failure   Level  Hunger
 Slow                     Hex            15/100       5%          2    ##.....
 Inner Flame              Hex/Fire       8/100        26%         3    ###....
 Leda's Liquefaction      Hex/Erth       8/200        63%         4    #####..


Dungeon Overview and Level Annotations

Branches:
Dungeon (4/15)
 Temple: D:4-7

Altars:
Trog

Annotations:
D:4 Eustachio


Innate Abilities, Weirdness & Mutations

You are very small and have problems with some larger weapons.
You are too small for most types of armour.
You have supernaturally acute eyesight. (SInv)
You are a herbivore.
You cover ground extremely quickly.
You need to consume almost no food.


Message History

Unknown command.
b - a +0 dagger (weapon)
You block the quasit's attack. The quasit closely misses you.
The quasit claws you. Eustachio hits you with a falchion.
The white imp misses you.
You feel agile all of a sudden. The quasit barely misses you.
The quasit completely misses you. The quasit misses you.
The crimson imp barely misses you. Eustachio barely misses you.
The white imp closely misses you.
Unknown command.
You hit Eustachio but do no damage.
Eustachio is heavily wounded.
The quasit bites you.
* * * LOW HITPOINT WARNING * * *
The quasit completely misses you. The quasit barely misses you.
You block the crimson imp's attack. Eustachio completely misses you.
The white imp hits you.
* * * LOW HITPOINT WARNING * * *
The white imp freezes you.
You die...

#............##.#####.#.#
#.##........###.#####.#.#
#.########.## #.......#.#
##>### #.# #########.#
.....# #.# ##.# ##.#.#
##+# #..# #.#.# ##(..#
#.## ##.# # #...(.# ###.#
#^.# .......## ##.#.#
...#.## ......h5####....#
......+ .((...h@@5......#
...#.## .....[r5####....#
.....# ..?....## ##.###
.##### #.....# #.# .#
##...# #.# .# ##+# #.# .#
#.# .. #.# #.# #.#


You could see Eustachio, a quasit, a crimson imp, a white imp, 2 weasels and a
rat.

Vanquished Creatures
  4 adders
  2 oozes (D:1)
  2 worms (D:3)
  A dart slug (D:1)
  A leopard gecko (D:3)
  9 orcs
  4 bats
  2 giant cockroaches
  12 hobgoblins
  7 jackals
  A ball python (D:3)
  4 frilled lizards
  7 goblins
  6 kobolds
  12 rats
74 creatures vanquished.

Notes
Turn   | Place    | Note
-------+----------+-------------------------------------------
     0 | D:1      | hilarita the Spriggan Arcane Marksman began the quest for
                  | the Orb.
     0 | D:1      | Reached XP level 1. HP: 9/9 MP: 3/3
   279 | D:1      | Reached skill level 1 in Stealth
   279 | D:1      | Reached XP level 2. HP: 10/14 MP: 5/5
  1011 | D:1      | Reached XP level 3. HP: 17/17 MP: 7/7
  1962 | D:2      | Found a bloodstained altar of Trog.
  2091 | D:2      | Learned a level 3 spell: Portal Projectile
  2480 | D:2      | Reached XP level 4. HP: 21/21 MP: 8/8
  2813 | D:3      | Reached skill level 1 in Translocations
  2822 | D:3      | Learned a level 4 spell: Cause Fear
  3735 | D:4      | Reached XP level 5. HP: 25/25 MP: 10/10
  3872 | D:4      | Noticed Eustachio
  3909 | D:4      | HP: 1/25 [white imp[Eustachio] (4)]
  3909 | D:4      | Slain by a white imp

Vault maps used:
D:1:      elethiomel_arrival_infinity_welcomes_careful_drivers
D:2:      trog_butcher_becter
D:3:      first_bread
D:4:      nrook_loot_triangle, hex_tiny, uniq_eustachio

Skill      XL: |  1  2  3  4 |
---------------+-------------+-----
Stealth        | 1 2 |  2.9
Bows           | 3 4 |  4.3
Spellcasting   | 2 |  2.7
Hexes          | 4 |  4.3
Translocations | 1 |  1.4
Fighting       | |  0.7
Dodging        | |  3.0

Action                   |  1- 3 |  4- 6 || total
-------------------------+-------+-------++-------
Melee: Dagger            |   155 |   101 ||   256
       Unarmed           |       |    10 ||    10
 Fire: Shortbow          |    30 |    49 ||    79
  Use: Scroll            |     9 |     1 ||    10
       Potion            |       |     3 ||     3
 Stab: Sleeping          |     9 |     2 ||    11
  Eat: Fruit             |       |     1 ||     1
Armor: Robe              |    12 |    16 ||    28
       Skin              |       |    15 ||    15
Dodge: Dodged            |   117 |   117 ||   234
Block: Other             |       |     8 ||     8

Table legend:
 A = Spawn XP
 B = Non-spawn XP
 C = Spawn XP percentage of total XP
 D = Spawn monster count
 E = Non-spawn monster count
 F = Spawn count percentage of total count
 G = Total turns spent on level
                    A         B        C        D         E        F      G
               +---------+---------+-------+---------+---------+-------+---------
         Total |      57 |     141 |  28.8 |      15 |      59 |  20.3 |  3909
               +---------+---------+-------+---------+---------+-------+---------
           D:1 |      18 |      38 |  32.1 |       7 |      18 |  28.0 |  1665
           D:2 |       0 |      41 |   0.0 |       0 |      18 |   0.0 |   877
           D:3 |      39 |      59 |  39.8 |       8 |      21 |  27.6 |  1134
           D:4 |       0 |       3 |   0.0 |       0 |       2 |   0.0 |   233
               +---------+---------+-------+---------+---------+-------+---------
